 Dungeon Crawl Stone Soup version 0.21-a0-528-gf531e82 (webtiles) character file.

6020 Amnesiac the Archer (level 10, -14/77 HPs)
             Began as a Mummy Hunter on Dec 8, 2017.
             Was an Elder of Okawaru.
             Demolished by a cyclops (17 damage)
             ... on level 11 of the Dungeon.
             The game lasted 00:15:14 (8273 turns).

Amnesiac the Archer (Mummy Hunter)                  Turns: 8273, Time: 00:15:15

Health: -14/77     AC: 13    Str: 28      XL:     10   Next: 56%
Magic:  0/12       EV: 11    Int: 16 (17) God:    Okawaru [****..]
Gold:   209        SH:  0    Dex: 20      Spells: 9/9 levels left

rFire    x x .     SeeInvis .   a - +1 shortbow "Yveuwkit" {freeze, rPois rF- Str+10 Int+7} (curse)
rCold    + . .     Gourm    .   (shield currently unavailable)
rNeg     + + +     Faith    .   x - +0 plate armour
rPois    ∞         Spirit   +   (no helmet)
rElec    .         Reflect  .   (no cloak)
rCorr    .         Harm     .   g - +0 pair of gloves
MR       ++...                  (no boots)
Stlth    ..........             v - amulet of guardian spirit
HPRegen  0.22/turn              n - ring of protection from magic
MPRegen  0.13/turn              t - +6 ring of dexterity

@: no status effects
A: no food or potions, fire vulnerability, cold resistance 1, negative energy
resistance 3, torment resistance, unbreathing
a: Heroism, Renounce Religion


You were on level 11 of the Dungeon.
You worshipped Okawaru.
Okawaru was greatly pleased with you.
You were not hungry.

You visited 2 branches of the dungeon, and saw 12 of its levels.

You collected 625 gold pieces.
You spent 416 gold pieces at shops.

Inventory:

Hand Weapons
 a - the cursed +1 shortbow "Yveuwkit" (weapon) {freeze, rPois rF- Str+10 Int+7}
   (You bought it in a shop on level 8 of the Dungeon)

   It causes projectiles fired from it to freeze those they strike, causing
   extra injury to most foes and up to half again as much damage against
   particularly susceptible opponents.
   They can also slow down cold-blooded creatures.
   It affects your strength (+10).
   It affects your intelligence (+7).
   It makes you vulnerable to fire.
   It protects you from poison.
   It has a curse placed upon it.
 b - a +2 dagger of electrocution
 C - a +1 shortbow
 D - a cursed -1 morningstar
Missiles
 c - 86 stones
 d - 155 arrows (quivered)
 e - 7 curare-tipped needles
 l - 16 poisoned needles
 p - a throwing net
Armour
 g - a +0 pair of gloves (worn)
 x - a +0 plate armour (worn)
Jewellery
 n - a ring of protection from magic (left hand)
 t - a +6 ring of dexterity (right hand)
 v - an amulet of guardian spirit (around neck)
 y - an uncursed ring of protection from magic
 z - an uncursed ring of see invisible
 E - an uncursed ring of ice
 F - the ring of the Slug {Fire *Drain rPois Dex-2 Stlth+, unknown}
   (You found it on level 8 of the Dungeon)

   [ring of fire]

   It enhances your fire magic.
   It affects your dexterity (-2).
   It protects you from fire.
   It makes you vulnerable to cold.
   It protects you from poison.
   It causes draining when unequipped.
   It makes you more stealthy.
Wands
 i - a wand of digging (9)
 m - a wand of random effects (81)
Scrolls
 f - 2 scrolls of fog {!r}
 h - 3 scrolls of remove curse {!r}
 k - a scroll of random uselessness {!r, unknown}
 o - 2 scrolls of amnesia {!r, unknown}
 q - a scroll of blinking {!r, unknown}
 s - 2 scrolls of teleportation {!r}
 u - 4 scrolls of enchant weapon {!r}
 w - 2 scrolls of enchant armour {!r}
 A - 2 scrolls of magic mapping {!r}
 G - 2 scrolls of identify {!r}
Books
 j - a book of Annihilations

   Spells                             Type                      Level
   a - Poison Arrow                   Conjuration/Poison           6
   b - Chain Lightning                Conjuration/Air              8
   c - Lehudib's Crystal Spear        Conjuration/Earth            8
   d - Glaciate                       Conjuration/Ice              9
   e - Fire Storm                     Conjuration/Fire             9


   Skills:
 + Level 6.7 Fighting
 - Level 3.0 Short Blades
 * Level 8.6 Bows
 + Level 5.7 Armour
 + Level 5.6 Dodging
 - Level 0.7 Stealth
 + Level 3.7 Invocations


You had 9 spell levels left.
You didn't know any spells.

Dungeon Overview and Level Annotations

Branches:
Dungeon (11/15)            Temple (1/1) D:4             Orc (0/2) D:9
   Lair: D:8-11

Altars:
Ashenzari
Cheibriados
Dithmenos
Elyvilon
Fedhas
Hepliaklqana
Kikubaaqudgha
Makhleb
Nemelex Xobeh
Okawaru
Ru
Sif Muna
Trog
Uskayaw
Wu Jian
Xom
Yredelemnul
Zin
The Shining One

Shops:
D:8 **(*   D:11 %

Annotations:
D:7 1 transporter
D:11 Torious's ghost, journeyman DECj


Innate Abilities, Weirdness & Mutations

You do not eat or drink.
Your flesh is vulnerable to fire.
You are immune to poison.
Your flesh is cold resistant. (rC+)
You are immune to negative energy. (rN+++)
You are immune to unholy pain and torment.
You can survive without breathing.


Message History

The gargoyle hurls a stone arrow at you.
The stone arrow hits you!
* * * LOW HITPOINT WARNING * * *
You are too injured to fight recklessly!
Okay, then.
The gargoyle hurls a stone arrow at you.
The stone arrow hits you!
* * * LOW HITPOINT WARNING * * *
There is a stone staircase leading down here.
The gargoyle hurls a stone arrow at you.
The stone arrow hits you!
* * * LOW HITPOINT WARNING * * *
You climb downwards.
A black bear, a sky beast, 3 orcs and a player ghost come into view.
The black bear growls angrily.
The orc wizard shouts!
The orc shouts! x2
Torious's ghost turns its malevolent gaze towards you.
You hear an angry growl. x2
Found a viscous grey potion.
There is a stone staircase leading up here.
Really read
s - 3 scrolls of teleportation {!r}?
As you read the scroll of teleportation {!r}, it crumbles to dust.
You feel strangely unstable.
Torious's ghost wails.
Torious's ghost points at you and mumbles some strange words.
The magic dart hits you!
* * * LOW HITPOINT WARNING * * *
An orc wizard opens the door.
You can't drink.
Unknown command.
You open the door. Torious's ghost casts a spell at you.
The magic dart hits you!
* * * LOW HITPOINT WARNING * * *
The black bear bites you but does no damage.
The black bear claws you but does no damage.
The black bear barely misses you.
Unknown command.
Your surroundings suddenly seem different.
Found a whip.
Found Puwirak's Food Shoppe.
Found a stone staircase leading down.
A cyclops comes into view.
You can't drink.
Unknown command.
Really read
B - 2 scrolls of fear {!r}?
As you read the scroll of fear {!r}, it crumbles to dust.
You assume a fearsome visage.
The cyclops resists with almost no effort.
The cyclops closely misses you.
You are too injured to fight recklessly!
Really read
B - a scroll of fear {!r}?
As you read the scroll of fear {!r}, it crumbles to dust.
You assume a fearsome visage.
The cyclops resists with some effort.
Okay, then.
Unknown command.
Really read
u - 5 scrolls labeled XAUT GEAMEI {!r}?
As you read the scroll labeled XAUT GEAMEI {!r}, it crumbles to dust.
It is a scroll of enchant weapon.
Your +1 dagger of electrocution glows red for a moment.
The cyclops barely misses you.
Really read
r - a scroll labeled PUVUGOGGIO {!r}?
As you read the scroll labeled PUVUGOGGIO {!r}, it crumbles to dust.
The creatures around you are filled with an inner flame!
It was a scroll of immolation {!r}.
The cyclops hits you!
You die...

........
8.8.
.⌠.)#
.∩.8##
⌠.⌠.#
8.8.8#


You could see a cyclops (inner flame).

Vanquished Creatures
  A two-headed ogre (D:8)
  The ghost of Torious the Destroyer, a novice DECj of Sif Muna (D:8)
  The ghost of Doomer the Spear-Bearer, a novice TeBe of Trog (D:6)
  Grinder (D:3)
  2 hippogriffs (D:7)
  A shadow (D:7)
  Eustachio (D:6)
  Edmund (D:6)
  3 ice beasts
  2 sky beasts
  5 orc warriors
  A necrophage (D:9)
  A black bear (D:7)
  A phantom (D:7)
  3 ogres
  2 centaurs
  3 bullfrogs
  A big kobold (D:8)
  A scorpion (D:8)
  4 wights (D:10)
  A crimson imp (D:7)
  2 centaur zombies
  A quasit (D:9)
  4 jellies
  4 hounds
  4 orc wizards
  A gnoll shaman (D:4)
  7 orc priests
  Jessica (D:2)
  Natasha (thrice) (D:3)
  2 iguanas (D:8)
  9 worker ants
  6 gnolls
  A howler monkey skeleton (D:8)
  10 adders
  An adder skeleton (D:7)
  A worm (D:2)
  A dart slug (D:1)
  9 leopard geckos
  28 orcs
  A ball python (D:1)
  2 giant cockroaches
  5 goblins
  6 hobgoblins
  5 jackals
  3 quokkas
  3 bats
  4 frilled lizards
  7 kobolds
  A leopard gecko skeleton (D:4)
  7 rats
176 creatures vanquished.

Notes
Turn   | Place    | Note
-------+----------+-------------------------------------------
     0 | D:1      | Amnesiac the Mummy Hunter began the quest for the Orb.
     0 | D:1      | Reached XP level 1. HP: 16/16 MP: 1/1
    50 | D:1      | Reached skill level 1 in Armour
    80 | D:1      | Reached XP level 2. HP: 16/22 MP: 2/2
   764 | D:2      | Reached XP level 3. HP: 26/27 MP: 3/3
   832 | D:2      | Noticed Jessica
   836 | D:2      | Killed Jessica
   910 | D:2      | Reached XP level 4. HP: 27/34 MP: 4/4
  1290 | D:3      | Found a faded altar of an unknown god.
  1397 | D:3      | Noticed Natasha
  1397 | D:3      | Noticed Grinder
  1650 | D:4      | Reached skill level 4 in Bows
  1650 | D:4      | Reached XP level 5. HP: 23/39 MP: 5/5
  1752 | D:4      | Found a sacrificial altar of Ru.
  1880 | D:3      | Killed Grinder
  1880 | D:3      | Reached XP level 6. HP: 47/47 MP: 6/6
  2099 | D:3      | Killed Natasha
  2177 | D:3      | Noticed Natasha
  2182 | D:3      | Killed Natasha
  2189 | D:3      | Found a faded altar of an unknown god.
  2190 | D:3      | Noticed Natasha
  2196 | D:3      | Killed Natasha
  2222 | D:4      | Found a white marble altar of Elyvilon.
  2363 | D:4      | Found a hide-covered altar of Uskayaw.
  2365 | D:4      | You fall through a shaft!
  2365 | D:5      | Entered Level 5 of the Dungeon
  2480 | D:5      | Reached skill level 5 in Bows
  2480 | D:5      | Reached XP level 7. HP: 41/52 MP: 4/7
  2735 | D:5      | Found a deep blue altar of Sif Muna.
  3030 | D:5      | Found a shimmering altar of Xom.
  3100 | D:4      | Found a staircase to the Ecumenical Temple.
  3109 | Temple   | Entered the Ecumenical Temple
  3177 | Temple   | Became a worshipper of Warmaster Okawaru
  3244 | D:4      | Reached XP level 8. HP: 51/60 MP: 8/8
  3369 | D:4      | Found a shimmering altar of Xom.
  3369 | D:4      | Found a shattered altar of Ashenzari.
  3369 | D:4      | Found a bloodstained altar of Trog.
  3371 | D:4      | Found an ancient bone altar of Kikubaaqudgha.
  3455 | D:4      | Found a hazy altar of Hepliaklqana.
  3910 | D:6      | Reached skill level 6 in Bows
  3925 | D:6      | HP: 3/61 [something/magic dart (1)]
  4009 | D:6      | Noticed Doomer's ghost (novice TeBe)
  4026 | D:6      | Killed Doomer's ghost
  4026 | D:6      | Reached * piety under Okawaru
  4026 | D:6      | Reached skill level 5 in Fighting
  4077 | D:6      | Noticed Eustachio
  4111 | D:7      | Noticed a hippogriff
  4167 | D:8      | Found Luett's Assorted Antiques.
  4403 | D:9      | Found a staircase to the Orcish Mines.
  4513 | D:9      | Reached skill level 7 in Bows
  4513 | D:9      | Reached XP level 9. HP: 65/68 MP: 9/9
  4523 | D:9      | Reached skill level 1 in Invocations
  4813 | D:8      | Reached skill level 1 in Short Blades
  4838 | D:8      | Found Nsitrum's Needful Niceties.
  4939 | D:8      | Reached ** piety under Okawaru
  5252 | D:7      | Found a transporter.
  5254 | D:7      | Noticed a kobold demonologist
  5280 | D:7      | Found a transporter.
  5289 | D:7      | Noticed a kobold demonologist
  5528 | D:6      | Noticed Edmund
  5551 | D:6      | Killed Edmund
  5781 | D:6      | Killed Eustachio
  5781 | D:6      | Reached skill level 5 in Armour
  5781 | D:6      | Reached skill level 5 in Dodging
  6308 | D:7      | Noticed a soul eater
  6623 | D:7      | Reached *** piety under Okawaru
  6782 | D:8      | Bought an encrusted shortbow for 256 gold pieces
  6782 | D:8      | Identified the cursed +1 shortbow "Yveuwkit" {freeze, rPois rF- Str+10 Int+7} (You bought it in a shop on level 8 of the Dungeon)
  6783 | D:8      | Bought a runed ivory ring for 160 gold pieces
  6829 | D:8      | Noticed Torious's ghost (novice DECj)
  6850 | D:8      | Noticed a two-headed ogre
  6858 | D:8      | Killed Torious's ghost
  6858 | D:8      | Reached **** piety under Okawaru
  6858 | D:8      | Received a gift from Okawaru
  6858 | D:8      | Reached skill level 8 in Bows
  6858 | D:8      | Reached XP level 10. HP: 21/76 MP: 4/12
  6867 | D:8      | Killed a two-headed ogre
  7123 | D:8      | Found Afefummue's General Store.
  7209 | D:8      | Got a flickering silver ring
  7254 | D:8      | Found a bloodstained altar of Trog.
  7299 | D:8      | Found Lezyximm's Antique Weapon Boutique.
  8124 | D:10     | Entered Level 10 of the Dungeon
  8239 | D:10     | Received a gift from Okawaru
  8241 | D:10     | Noticed a gargoyle
  8263 | D:10     | HP: 2/77 [gargoyle/stone arrow (2)]
  8264 | D:11     | Noticed Torious's ghost (journeyman DECj)
  8268 | D:11     | HP: 1/77 [Torious's ghost/magic dart (1)]
  8269 | D:11     | Found Puwirak's Food Shoppe.
  8270 | D:11     | Noticed a cyclops
  8273 | D:11     | Demolished by a cyclops

Vault maps used:
D:1:      nzn_arrival_depleted_hourglass
D:2:      uniq_jessica
D:3:      chequers_ecumenical_altar_simple_redux, first_bread, uniq_natasha,
          uniq_grinder
D:4:      kennysheep_mini, kennysheep_little_box, minitemple,
          old_standard_altar, minmay_temple_entry_large_hall
D:5:      lemuel_blue_sif_altar, basic_altar, dk_vineyard_2,
          kennysheep_minor_cross, minmay_misc_feat_five, grunt_ministairs_9
D:6:      minmay_splitting_lines, uniq_eustachio, uniq_edmund
D:7:      gammafunk_wand_slinger
D:8:      basic_altar, serial_shops, kennysheep_mini_moat, shop_coins,
          nicolae_shop_stone, nicolae_alphabet_shops
D:9:      orc_0_dummy
D:10:     hangedman_little_slice_of_home, uniq_gastronok
D:11:     grunt_lair_entry_orc_guard_hut, serial_shops, shop, shop,
          nicolae_shop_temple_entry_statues_fountains, shop, uniq_fannar
Temple:   dshaligram_water_room_temple

Skill      XL: |  1  2  3  4  5  6  7  8  9 10 |
---------------+-------------------------------+-----
Armour         | 1 2 3 4 5 |  5.7
Dodging        | 2 3 4 5 |  5.6
Bows           | 4 5 7 8 |  8.6
Fighting       | 3 4 5 6 |  6.7
Invocations    | 2 3 |  3.7
Short Blades   | 3 |  3.0
Stealth        | |  0.7

Action                   |  1- 3 |  4- 6 |  7- 9 | 10-12 || total
-------------------------+-------+-------+-------+-------++-------
Melee: Dagger            |    48 |   132 |   377 |       ||   557
 Fire: Shortbow          |    28 |     9 |    31 |   127 ||   195
Evoke: Wand              |       |    13 |    28 |       ||    41
  Use: Scroll            |       |       |     6 |     5 ||    11
 Stab: Paralysed         |       |       |     2 |       ||     2
Armor: Scale mail        |    19 |    66 |    13 |       ||    98
       Plate armour      |       |       |   229 |    18 ||   247
Dodge: Dodged            |    27 |    86 |   152 |    19 ||   284

Table legend:
 A = Spawn XP
 B = Non-spawn XP
 C = Spawn XP percentage of total XP
 D = Spawn monster count
 E = Non-spawn monster count
 F = Spawn count percentage of total count
 G = Total turns spent on level
                    A         B        C        D         E        F      G
               +---------+---------+-------+---------+---------+-------+---------
         Total |       0 |    8600 |   0.0 |       0 |     176 |   0.0 |  8273
               +---------+---------+-------+---------+---------+-------+---------
           D:1 |       0 |      30 |   0.0 |       0 |      18 |   0.0 |   690
           D:2 |       0 |      89 |   0.0 |       0 |      17 |   0.0 |   528
           D:3 |       0 |     436 |   0.0 |       0 |      17 |   0.0 |   687
           D:4 |       0 |     152 |   0.0 |       0 |      11 |   0.0 |  1040
           D:5 |       0 |     762 |   0.0 |       0 |      18 |   0.0 |   773
           D:6 |       0 |    1789 |   0.0 |       0 |      19 |   0.0 |  1058
           D:7 |       0 |    1593 |   0.0 |       0 |      27 |   0.0 |  1170
           D:8 |       0 |    2408 |   0.0 |       0 |      24 |   0.0 |   914
           D:9 |       0 |     979 |   0.0 |       0 |      19 |   0.0 |  1175
          D:10 |       0 |     362 |   0.0 |       0 |       6 |   0.0 |   140
               +---------+---------+-------+---------+---------+-------+---------
